 Dungeon Crawl Stone Soup version 0.24.0-13-gcf9b319 (webtiles) character file.

Game seed: 13176787383417552505, levelgen mode: deterministic

581 A7mans1 the Slasher (level 7, 0/56 HPs)
             Began as a Barachi Fighter on Dec 31, 2019.
             Hit by a stone thrown by a gnoll (1 damage)
             ... on level 5 of the Dungeon.
             The game lasted 00:11:39 (2726 turns).

A7mans1 the Slasher (Barachi Fighter)               Turns: 2726, Time: 00:11:40

Health: 0/56       AC:  7    Str: 23    XL:     7   Next: 36%
Magic:  7/7        EV:  8    Int: 10    God:
Gold:   61         SH: 12    Dex: 12    Spells: 6/6 levels left

rFire    . . .     SeeInvis .   a - +3 long sword
rCold    . . .     Gourm    .   c - +2 shield
rNeg     . . .     Faith    .   b - +0 scale mail
rPois    .         Spirit   .   (helmet restricted)
rElec    .         Reflect  .   (no cloak)
rCorr    +         Harm     .   (no gloves)
MR       .....                  (no boots)
Stlth    ..........             (no amulet)
HPRegen  0.18/turn              i - +4 ring of strength
MPRegen  0.10/turn              g - ring of resist corrosion

@: slow
A: +LOS, swims, antennae 1, clever 1, slowness 1, wild magic 1, strong legs 1
a: Hop


You were on level 5 of the Dungeon.
You were not hungry.

You visited 1 branch of the dungeon, and saw 5 of its levels.

You collected 165 gold pieces.
You spent 104 gold pieces at shops.

Inventory:

Hand Weapons
 a - a +3 long sword (weapon)
Armour
 b - a +0 scale mail (worn)
 c - a +2 shield (worn)
 l - a +0 helmet
Jewellery
 g - a ring of resist corrosion (right hand)
 i - a +4 ring of strength (left hand)
Wands
 d - a wand of random effects (18)
Scrolls
 k - a scroll of remove curse
 n - 2 scrolls of magic mapping
 o - a scroll of amnesia
 p - a scroll of enchant weapon
Potions
 e - a potion of magic
Comestibles
 f - 3 rations


   Skills:
 + Level 5.0 Fighting
 + Level 5.9 Long Blades
 + Level 5.4 Armour
 + Level 1.6 Dodging
 + Level 0.3 Stealth
 + Level 5.2 Shields


You had 6 spell levels left.
You didn't know any spells.
Your spell library contained the following spells:

 Spells                   Type           Power        Failure   Level  Hunger
 Sandblast                Erth           #.....       98%         1    ##.....
 Passwall                 Tmut/Erth      #.......     99%         2    ###....
 Stone Arrow              Conj/Erth      #.....       100%        3    ####...
 Petrify                  Tmut/Erth      #.......     100%        4    #####..
 Lee's Rapid Deconstruct  Erth           #.........   100%        5    ######.


Dungeon Overview and Level Annotations

Branches:
Dungeon (5/15)
 Temple: D:4-7

Altars:
Dithmenos
Nemelex Xobeh
Yredelemnul

Shops:
D:4 !


Innate Abilities, Weirdness & Mutations

Shadows flee at your approach. (+LOS)
You can swim through water.
You cover ground slowly.
You can hop short distances.
You have a pair of small antennae on your head.
Your mind is acute. (Int +2)
Your spells are a little harder to cast, but a little more powerful.


Message History

You barely miss the ice beast.
The ice beast is severely wounded.
The gnoll hits you from afar with a +0 spear.
The gnoll closely misses you. The ice beast hits you.
* * * LOW HITPOINT WARNING * * *
The ice beast freezes you!
* * * LOW HITPOINT WARNING * * *
Okay, then.
Okay, then.
The orc wizard gestures wildly while chanting.
The orc wizard blinks!
The orc wizard points at you and mumbles some strange words.
The magic dart hits you.
* * * LOW HITPOINT WARNING * * *
The gnoll throws a stone.
You block the stone.
The orc wizard hits you with a +0 dagger.
* * * LOW HITPOINT WARNING * * *
The ice beast hits you but does no damage.
The gnoll throws a stone.
The stone hits you.
You die...

#.....###.###
#....(......#
#...........####
#######............#####
#.........##.#.###......
#.........##...........)
#.........####..###.....
#....(o.Y.g<†.(.........
#..>...@.g#)[.....##....
#?..........###...($)o..
######.####[# ##..##g...
#. #.# ##.....§. #.
#...# #..#.... ## ###.#
##.#.... .# #####.# .
#h. ## #..


You could see an ice beast, an orc wizard and 2 gnolls.

Vanquished Creatures
  A sky beast (D:5)
  An ogre (D:4)
  2 hounds
  An orc priest (D:5)
  A centaur skeleton (D:4)
  An orc wizard (D:5)
  Natasha (thrice) (D:3)
  Terence (D:3)
  Robin (D:3)
  2 gnolls (D:5)
  5 adders
  An ooze (D:2)
  A dart slug (D:1)
  3 worms
  A leopard gecko (D:4)
  6 orcs
  5 giant cockroaches
  10 goblins
  7 hobgoblins
  2 jackals (D:1)
  5 kobolds
  A quokka (D:5)
  A ball python (D:2)
  10 bats
  4 frilled lizards (D:1)
  9 rats
85 creatures vanquished.

Notes
Turn   | Place    | Note
-------+----------+-------------------------------------------
     0 | D:1      | A7mans1 the Barachi Fighter began the quest for the Orb.
     0 | D:1      | Reached XP level 1. HP: 18/18 MP: 1/1
   121 | D:1      | Reached XP level 2. HP: 25/25 MP: 2/2
   388 | D:1      | Reached XP level 3. HP: 30/30 MP: 3/3
   608 | D:2      | Found a sparkling altar of Nemelex Xobeh.
   987 | D:2      | Gained mutation: Armour fits poorly on your strangely
                  | shaped body. [potion of mutation]
   987 | D:2      | Gained mutation: You tend to lose your temper in combat.
                  | [potion of mutation]
   987 | D:2      | Gained mutation: Your flesh is cold resistant. (rC+)
                  | [potion of mutation]
  1059 | D:3      | Noticed Natasha
  1062 | D:3      | Reached XP level 4. HP: 37/37 MP: 4/4
  1066 | D:3      | Killed Natasha
  1209 | D:3      | Noticed Natasha
  1215 | D:3      | Killed Natasha
  1215 | D:3      | Reached XP level 5. HP: 28/43 MP: 5/5
  1237 | D:3      | Found a basalt altar of Yredelemnul.
  1241 | D:3      | Noticed Terence
  1255 | D:3      | Killed Terence
  1435 | D:3      | Noticed Robin
  1442 | D:3      | Noticed Natasha
  1449 | D:3      | Killed Robin
  1454 | D:3      | Killed Natasha
  1454 | D:3      | Reached skill level 1 in Dodging
  1653 | D:4      | Found Woist's Distillery.
  1710 | D:4      | Reached XP level 6. HP: 49/49 MP: 6/6
  1744 | D:4      | Reached skill level 5 in Long Blades
  1744 | D:4      | Reached skill level 5 in Armour
  2106 | D:4      | Bought a potion of mutation for 104 gold pieces
  2106 | D:4      | Lost mutation: You tend to lose your temper in combat.
                  | [potion of mutation]
  2106 | D:4      | Lost mutation: Your flesh is cold resistant. (rC+) [potion
                  | of mutation]
  2106 | D:4      | Lost mutation: Armour fits poorly on your strangely shaped
                  | body. [potion of mutation]
  2106 | D:4      | Gained mutation: Your mind is acute. (Int +2) [potion of
                  | mutation]
  2106 | D:4      | Gained mutation: You have a pair of small antennae on your
                  | head. [potion of mutation]
  2106 | D:4      | Gained mutation: Your spells are a little harder to cast,
                  | but a little more powerful. [potion of mutation]
  2193 | D:4      | Found a shadowy altar of Dithmenos.
  2422 | D:5      | Entered Level 5 of the Dungeon
  2425 | D:5      | Noticed a sky beast
  2449 | D:5      | Killed a sky beast
  2449 | D:5      | Reached skill level 5 in Shields
  2449 | D:5      | Reached XP level 7. HP: 27/55 MP: 7/7
  2713 | D:5      | Reached skill level 5 in Fighting
  2726 | D:5      | HP: 1/56 [orc wizard/+0 dagger (4)]
  2726 | D:5      | Hit by a stone thrown by a gnoll

Levels and vault maps discovered:
D:1:      minmay_arrival_four_loops, layout_rooms
D:2:      layout_basic, st_stairs_5, nemelex_dance_club_becter
D:3:      layout_basic, overflow_temple_1_default, first_ration,
          minmay_statues_item, uniq_robin, uniq_natasha, uniq_terence
D:4:      layout_basic, nicolae_dithmenos_the_darkroom, serial_shops,
          nicolae_shop_trees
D:5:      layout_rooms, nicolae_overflow_crystal_walls,
          eat_drink_and_be_merry_uskayaw, kennysheep_small_circle

Skill      XL: |  1  2  3  4  5  6  7 |
---------------+----------------------+-----
Fighting       | 4 5 |  5.0
Armour         | 4 5 |  5.4
Long Blades    | 3 4 5 |  5.9
Shields        | 4 5 |  5.2
Dodging        | 1 |  1.6
Stealth        | |  0.3

Action                   |  1- 3 |  4- 6 |  7- 9 || total
-------------------------+-------+-------+-------++-------
Melee: Long sword        |   119 |   120 |    21 ||   260
  Use: Scroll            |     7 |     6 |     2 ||    15
       Potion            |     1 |     5 |     3 ||     9
  Eat: Ration            |       |     2 |       ||     2
       Chunk             |       |     1 |       ||     1
Armor: Scale mail        |    69 |    52 |    16 ||   137
Dodge: Dodged            |    42 |    54 |    13 ||   109
Block: Shield            |    45 |    85 |    34 ||   164
       Rpst.: Long sword |    16 |    13 |     2 ||    31
